 Dungeon Crawl Stone Soup version 0.27.1-34-g3ba077fa99 (webtiles) character file.

Game seed: 12982407736633591800

2602 shadowrider38 the Grappler (level 9, -7/93 HPs)
             Began as a Troll Hunter on Jan 6, 2022.
             Was a Follower of Okawaru.
             Mangled by a hornet (16 damage)
             ... while paralysed by a hornet
             ... on level 7 of the Dungeon.
             The game lasted 00:10:15 (5353 turns).

shadowrider38 the Grappler (Troll Hunter)           Turns: 5353, Time: 00:10:15

Health: -7/93      AC:  4    Str: 25    XL:     9   Next: 33%
Magic:  8/8        EV:  1    Int:  7    God:    Okawaru [*.....]
Gold:   299        SH:  0    Dex: 10    Spells: 8/8 levels left

rFire    . . .     SeeInvis .     - Unarmed
rCold    + . .     Faith    .   (no shield)
rNeg     . . .     Spirit   .   b - +0 robe
rPois    .         Reflect  .   (helmet restricted)
rElec    .         Harm     .   (no cloak)
rCorr    .         Rampage  .   (gloves unavailable)
Will     +....                  (boots unavailable)
Stlth    +++.......             h - amulet of magic regeneration
HPRegen  1.25/turn              n - ring of willpower
MPRegen  0.36/turn              A - ring of protection from cold

@: paralysed, lethally poisoned (-7 -> -13), heroic, slowed
A: large, unfitting armour, claws 3, regeneration 1, shaggy fur 1, tough skin 1
a: Renounce Religion, Heroism


You were on level 7 of the Dungeon.
You worshipped Okawaru.
Okawaru was aware of your devotion.
You visited 2 branches of the dungeon, and saw 8 of its levels.

You collected 299 gold pieces.

Inventory:

Missiles
 a - 16 poisoned darts
 d - 2 throwing nets
 j - 12 atropa-tipped darts
 l - 212 stones
 o - 7 javelins
 x - 6 boomerangs
 D - 3 large rocks (quivered)
Armour
 b - a +0 robe (worn)
Jewellery
 h - an amulet of magic regeneration (around neck)
 n - a ring of willpower (left claw)
 y - a ring of magical power
 z - a ring of magical power
 A - a ring of protection from cold (right claw)
 F - a ring of flight
 G - a +6 ring of dexterity
Wands
 C - a wand of polymorph (7)
Scrolls
 e - a scroll of acquirement {unknown}
 i - a scroll of noise {unknown}
 p - a scroll of enchant armour {unknown}
 q - a scroll of amnesia {unknown}
 r - a scroll of holy word {unknown}
 s - a scroll of fog {unknown}
 u - a scroll of fear {unknown}
 v - 3 scrolls of teleportation {unknown}
 w - a scroll of enchant weapon {unknown}
Potions
 c - a potion of magic
 g - 6 potions of curing
 k - 2 potions of flight
 m - 4 potions of lignification
 t - a potion of might
 E - 2 potions of attraction


   Skills:
 - Level 7.5(12.5) Fighting
 + Level 4.1(9.1) Throwing
 - Level 1.5(6.5) Dodging
 - Level 0.3(5.3) Stealth
 + Level 9.0(14.0) Unarmed Combat


You had 8 spell levels left.
You didn't know any spells.
Your spell library contained the following spells:

 Spells                   Type           Power      Damage    Failure   Level
 Animate Skeleton         Necr           0%         N/A       43%         1
 Apportation              Tloc           0%         N/A       43%         1
 Corona                   Hex            0%         N/A       43%         1
 Magic Dart               Conj           0%         1d3       43%         1
 Sandblast                Erth           0%         2d4       43%         1
 Summon Small Mammal      Summ           0%         N/A       43%         1
 Passwall                 Tmut/Erth      0%         N/A       56%         2
 Searing Ray              Conj           0%         3d3       56%         2
 Sublimation of Blood     Necr           0%         N/A       56%         2
 Dazzling Flash           Conj/Hex       0%         N/A       80%         3
 Fulminant Prism          Conj/Hex       0%         3d6       99%         4
 Petrify                  Tmut/Erth      0%         N/A       99%         4
 Agony                    Necr           0%         N/A       100%        5
 Irradiate                Conj/Tmut      0%         3d13      100%        5
 Lee's Rapid Deconstruct  Erth           0%         3d5*      100%        5
 Silence                  Hex/Air        0%         N/A       100%        5


Dungeon Overview and Level Annotations

Branches:
Dungeon (7/15)             Temple (1/1) D:4

Altars:
Ashenzari
Cheibriados
Dithmenos
Elyvilon
Fedhas
Gozag
Hepliaklqana
Kikubaaqudgha
Makhleb
Nemelex Xobeh
Okawaru
Qazlal
Ru
Sif Muna
Trog
Uskayaw
Vehumet
Wu Jian
Xom
Yredelemnul
Zin
The Shining One

Shops:
D:1 [   D:2 *


Innate Abilities, Weirdness & Mutations

You are too large for most types of armour.
You have claws for hands.
Your natural rate of healing is unusually fast.
You are covered in fur. (AC +1)
You have tough skin. (AC +1)


Message History

You feel as though you will be slow longer.
You closely miss the hornet.
The hornet is lightly wounded.
You feel very sick. The hornet stings you.
You are more poisoned.
You feel as though you will be slow longer.
The howler monkey hoots and howls with incredible vigour!
The hornet stings you!
You feel as though you will be slow longer.
You hear a shout!
You hear an angry hiss.
You hear a shout! x3
You hear an angry hiss.
You hear an angry growl.
You claw the hornet!
The hornet is heavily wounded.
You feel very sick. The hornet barely misses you.
The hornet closely misses you.
You claw the hornet!
The hornet is severely wounded.
You feel very sick. The hornet stings you.
* * * LOW HITPOINT WARNING * * *
You feel as though you will be slow longer.
The hornet stings you!
* * * LOW HITPOINT WARNING * * *
You feel as though you will be slow longer.
You feel much better.
You feel very sick.
The howler monkey hoots and howls with incredible vigour!
The hornet barely misses you. The hornet stings you.
You suddenly lose the ability to move!
You hear a shout!
You hear an angry hiss.
You feel very sick. The hornet stings you!
* * * LOW HITPOINT WARNING * * *
You are more poisoned.
You feel as though you will be slow longer.
* * * LOW HITPOINT WARNING * * *
You feel very sick. The hornet stings you!
You die...

######### #.@.....##.
#y##......
#h##.##.########
##.####.##...........##
..y...(....##.#####...###
...........##............
.#.####.......#####...###
.. #######.# ##.## #
#.######.# #


You could see a hornet and a howler monkey.

Vanquished Creatures
  A two-headed ogre (D:4)
  Grinder (D:6)
  Sigmund (D:6)
  Eustachio (D:6)
  A water moccasin (D:6)
  3 ogres
  A phantom (D:6)
  Blork the orc (D:6)
  A bullfrog (D:7)
  A scorpion (D:4)
  A water moccasin skeleton (D:4)
  4 killer bees (D:7)
  2 centaur zombies
  A bullfrog zombie (D:6)
  A bullfrog skeleton (D:6)
  2 jellies
  2 hounds (D:5)
  3 iguanas
  A gnoll shaman (D:4)
  An orc wizard (D:4)
  A hound skeleton (D:4)
  A howler monkey zombie (D:5)
  10 gnolls
  4 adders
  An adder skeleton (D:4)
  3 worms
  A dart slug (D:1)
  21 orcs
  6 ball pythons
  8 endoplasms
  4 giant cockroaches
  3 goblins
  8 hobgoblins
  2 jackals (D:2)
  6 kobolds
  3 quokkas
  6 bats
  3 frilled lizards
  8 rats
129 creatures vanquished.

Notes
Turn   | Place    | Note
-------+----------+-------------------------------------------
     0 | D:1      | shadowrider38 the Troll Hunter began the quest for the Orb.
     0 | D:1      | Reached XP level 1. HP: 19/19 MP: 0/0
    50 | D:1      | Found Vurgh's Antique Armour Boutique.
    67 | D:1      | Reached skill level 1 in Unarmed Combat
   206 | D:1      | Reached XP level 2. HP: 28/28 MP: 1/1
   690 | D:2      | Reached XP level 3. HP: 34/36 MP: 2/2
   694 | D:2      | Reached skill level 2 in Unarmed Combat
   780 | D:2      | Found Ogob's Assorted Antiques.
   999 | D:2      | Found a faded altar of an unknown god.
  1468 | D:2      | Reached XP level 4. HP: 44/44 MP: 3/3
  2087 | D:4      | Noticed a scorpion
  2100 | D:4      | Killed a scorpion
  2101 | D:4      | Reached skill level 3 in Unarmed Combat
  2101 | D:4      | Reached XP level 5. HP: 53/53 MP: 4/4
  2242 | D:4      | Found a staircase to the Ecumenical Temple.
  2285 | D:4      | Reached skill level 4 in Unarmed Combat
  2285 | D:4      | Reached XP level 6. HP: 61/62 MP: 5/5
  2390 | D:4      | Noticed a two-headed ogre
  2511 | D:4      | Killed a two-headed ogre
  2512 | D:4      | Reached skill level 5 in Fighting
  2512 | D:4      | Reached skill level 6 in Unarmed Combat
  2512 | D:4      | Reached XP level 7. HP: 22/74 MP: 6/6
  2512 | D:4      | Reached XP level 8. HP: 25/83 MP: 7/7
  2949 | D:5      | Entered Level 5 of the Dungeon
  3027 | Temple   | Entered the Ecumenical Temple
  3192 | Temple   | Became a worshipper of Warmaster Okawaru
  4256 | D:5      | Reached skill level 7 in Unarmed Combat
  4286 | D:6      | Noticed Sigmund
  4287 | D:6      | Noticed Grinder
  4289 | D:6      | Killed Grinder
  4295 | D:6      | Killed Sigmund
  4295 | D:6      | Reached * piety under Okawaru
  4363 | D:6      | Noticed Blork the orc
  4372 | D:6      | Killed Blork the orc
  4373 | D:6      | Reached skill level 8 in Unarmed Combat
  4733 | D:6      | Reached XP level 9. HP: 85/93 MP: 8/8
  4742 | D:6      | Found a glowing golden altar of the Shining One.
  5041 | D:6      | Noticed Eustachio
  5060 | D:6      | Killed Eustachio
  5304 | D:7      | Reached skill level 9 in Unarmed Combat
  5351 | D:7      | Paralysed by a hornet for 3 turns
  5353 | D:7      | Mangled by a hornet

Illustrated notes

Levels and vault maps discovered:
D:1:      dpeg_arrival_radiant, layout_rooms, serial_shops, shop
D:2:      layout_basic, serial_shops, nicolae_square_shop,
          shapermc_ecumenical_altar_pompeii, chequers_serial_rivers_room_b,
          minmay_tripent
D:3:      layout_rooms, palyth_stone_intersect
D:4:      layout_rooms, minmay_temple_entry_junction
D:5:      layout_basic, serial_co_window_serial, co_window_of_opportunity_a,
          co_window_corner_a, co_window_cross_1, co_window_corner_a,
          co_window_paths_a, co_window_corner_b, co_window_of_opportunity_b,
          co_window_unsneaky_path_d, co_window_corner_ca, co_window_broadway_c,
          co_window_corner_b, co_window_cross_2, co_window_4corner_b,
          glass_columns_a, glass_columns_a, glass_columns_b
D:6:      layout_basic, old_standard_altar, grunt_ministairs_12, uniq_grinder,
          uniq_eustachio, uniq_sigmund, uniq_blork_the_orc
D:7:      layout_loops_ring, enter_bailey_5
Temple:   kilobyte_greek_temple

Skill      XL: |  1  2  3  4  5  6  7  8  9 |
---------------+----------------------------+-----
Unarmed Combat | 1 2 3 4 6 8 9 |  9.0
Fighting       | 2 3 5 7 |  7.5
Throwing       | 4 |  4.1
Dodging        | |  1.5
Stealth        | |  0.3

Action                   |  1- 3 |  4- 6 |  7- 9 || total
-------------------------+-------+-------+-------++-------
Melee: Short sword       |   207 |       |       ||   207
       Unarmed           |    11 |   108 |   158 ||   277
       Punch             |       |     4 |     9 ||    13
Throw: Large rock        |       |     7 |     5 ||    12
       Boomerang         |       |       |     5 ||     5
Invok: Heroism           |       |       |     1 ||     1
  Use: Scroll            |       |       |     7 ||     7
       Potion            |       |       |     1 ||     1
 Stab: Sleeping          |     1 |       |       ||     1
Armor: Robe              |   101 |    50 |    32 ||   183
       Skin              |       |       |     1 ||     1
Dodge: Dodged            |   127 |    75 |    68 ||   270
